 Seeded DCSS version 0.29-a0-380-gf50f0a9fbc (webtiles) character file.

Game seed: 13605594255664981075 (custom seed)

6081 thiscave3701365 the Cleaver (level 10, -1/90 HPs)
             Began as a Minotaur Berserker on May 5, 2022.
             Was a Priest of Trog.
             Slain by an unseen horror (5 damage)
             ... on level 11 of the Dungeon.
             The game lasted 00:11:51 (12108 turns).

thiscave3701365 the Cleaver (Minotaur Berserker)   Turns: 12108, Time: 00:11:52

Health: -1/90      AC:  0    Str: 26    XL:     10   Next: 58%
Magic:  9/9        EV: 15    Int:  4    God:    Trog [***...]
Gold:   515        SH:  0    Dex: 10    Spells: 9/9 levels left

rFire   . . .      SeeInvis .   (weapon currently unavailable)
rCold   . . .      Faith    .   (shield currently unavailable)
rNeg    . . .      Spirit   .   (body armour currently unavailable)
rPois   .          Reflect  .   (helmet currently unavailable)
rElec   .          Harm     .   (cloak currently unavailable)
rCorr   .          Rampage  .   (gloves currently unavailable)
Will    .....                   (boots currently unavailable)
Stlth   ++........              y - amulet of regeneration
HPRegen 1.05/turn               (ring currently unavailable)
MPRegen 0.11/turn               (ring currently unavailable)

@: lethally poisoned (-1 -> -2), pig-form, on berserk cooldown, slowed
A: fast, no casting, small, (horns 2), (retaliatory headbutt)
a: Renounce Religion, Berserk, Trog's Hand


You were on level 11 of the Dungeon.
You worshipped Trog.
Trog was most pleased with you.
You were a filthy swine.
You visited 1 branch of the dungeon, and saw 9 of its levels.
You also visited: Bailey.

You collected 515 gold pieces.

Inventory:

Hand Weapons
 a - a +1 hand axe
 D - a +0 war axe (melded)
Armour
 h - a +2 pair of boots (melded)
 q - a +0 plate armour (melded)
Jewellery
 b - an amulet of magic regeneration
 p - a +6 ring of dexterity (melded)
 v - a +6 ring of strength (melded)
 y - an amulet of regeneration (around neck)
Wands
 s - a wand of iceblast (3)
 t - a wand of charming (13)
 w - a wand of flame (65)
 x - a wand of paralysis (17)
Scrolls
 c - a scroll of noise
 d - 3 scrolls of enchant armour
 e - 2 scrolls of identify
 j - 2 scrolls of magic mapping
 l - a scroll of teleportation
 o - a scroll of enchant weapon
 B - 3 scrolls of fog
 C - 2 scrolls of summoning {unknown}
Potions
 f - a potion of mutation
 g - 2 potions of degeneration
 i - 10 potions of curing
 k - a potion of heal wounds
 m - 2 potions of lignification
 n - 2 potions of haste
 r - a potion of invisibility
 u - a potion of flight
 z - a potion of berserk rage
 A - a potion of might


   Skills:
 + Level 8.6 Fighting
 + Level 13.0 Axes
 + Level 11.4 Armour
 + Level 4.4 Dodging
 + Level 1.4 Stealth


You had 9 spell levels left.
You didn't know any spells.
Your spell library was empty.

Dungeon Overview and Level Annotations

Branches:
Dungeon (8/15)             Temple (0/1) D:4          Bailey (visited)
   Lair: D:8-11

Altars:
Ashenzari
Elyvilon
Nemelex Xobeh
Ru
Wu Jian

Annotations:
D:6 3 runed translucent doors, RandomusNamus's ghost, novice FoFi; happo123's ghost, novice TrBe
D:8 1 transporter, BubbleThief's ghost, novice DsNe
D:11 Psyche


Innate Abilities, Weirdness & Mutations

You are a filthy swine.
You move quickly.
Your equipment is almost entirely melded.
You are incapable of wielding weapons or throwing items.
You cannot cast spells.
((You have a pair of horns on your head.))
((You reflexively headbutt those who attack you in melee.))


Message History

You are poisoned.
The arc of chaos hits something.
Something's mind is blasted.
Something hits you.
You feel sick.
Something hits you but does no damage. x2
Space warps around you. Something hits you but does no damage.
Space warps horribly around you!
You miss something. You hit something.
You feel sick. Something hits you! Something hits you but does no damage.
Space warps around you. Something hits you but does no damage.
You slice something!! Your headbutt misses something.
You hit something but do no damage.
You feel sick. Something hits you but does no damage. Something hits you.
Space warps horribly around you! Something hits you but does no damage.
You blink.
You feel sick.
You are no longer poisoned.
Something completely misses you.
You hear some strange, mumbled words.
You turn into a filthy swine.
Your +0 war axe melds into your body.
Your +2 pair of boots melds into your body.
Your +0 plate armour melds into your body.
Your +6 ring of dexterity melds into your body.
Your +6 ring of strength melds into your body.
You feel clumsy.
You feel weaker.
You miss something. Something hits you! Something hits you.
Space warps horribly around you!
* * * LOW HITPOINT WARNING * * *
You closely miss something. Something hits you.
* * * LOW HITPOINT WARNING * * *
Something hits you!
* * * LOW HITPOINT WARNING * * *
You blink.
You hear some strange, mumbled words.
A swirling arc of seething chaos appears!
An arc of chaos appears from out of thin air!
The arc of chaos hits you!
You are poisoned.
* * * LOW HITPOINT WARNING * * *
The arc of chaos hits something.
Something hits you.
You die...

##...# ##...#
#...###########
#...##..##)[..#
##..##.....)..#
##..##....[)..#
#.............# ..
#.............#..... ..
#........h....##..# ...
#?...........>##..##...
#.....................
#....................
#...######..{.....# #
#...##..##........##..##
#...#..................#
##. ##.................#
#........##..##...+


There were no monsters in sight!

Vanquished Creatures
  A two-headed ogre (D:7)
  Pikel (D:7)
  An orc knight (Bailey)
  Maggie (D:6)
  A troll (D:11)
  A shadow (D:7)
  An acid dragon (D:7)
  3 water moccasins
  Duvessa (D:6)
  17 orc warriors
  4 black bears
  An ogre (D:6)
  2 centaurs
  The ghost of BubbleThief the Bolt Thrower, an amateur KoHu (D:3)
  2 necrophages
  A bullfrog (D:8)
  3 scorpions
  5 wights (D:8)
  Dowan (D:6)
  3 hounds
  A jelly (D:5)
  6 orc priests
  2 iguanas (D:6)
  4 orc wizards
  8 gnolls
  7 adders
  A shadow imp (D:6)
  3 white imps
  An ufetubus (D:5)
  37 orcs
  6 bats
  7 endoplasms
  2 giant cockroaches
  6 hobgoblins
  8 jackals
  6 kobolds
  4 quokkas
  10 ball pythons
  2 frilled lizards (D:1)
  9 goblins
  11 rats
  A butterfly (D:4)
193 creatures vanquished.

Notes
Turn   | Place    | Note
-------+----------+-------------------------------------------
     0 | D:1      | thiscave3701365 the Minotaur Berserker began the quest for
                  | the Orb.
     0 | D:1      | Reached XP level 1. HP: 19/19 MP: 0/0
   240 | D:1      | Reached XP level 2. HP: 16/27 MP: 1/1
   378 | D:1      | Reached skill level 4 in Axes
   574 | D:1      | Reached XP level 3. HP: 16/34 MP: 2/2
  1076 | D:2      | Found a sacrificial altar of Ru.
  1428 | D:2      | Found a faded altar of an unknown god.
  2050 | D:3      | Reached ** piety under Trog
  2206 | D:3      | Noticed BubbleThief's ghost (amateur KoHu)
  2208 | D:3      | Found a transporter.
  2225 | D:3      | Found a transporter.
  2305 | D:3      | Reached XP level 4. HP: 41/41 MP: 3/3
  2329 | D:3      | Reached skill level 5 in Axes
  2883 | D:3      | Reached XP level 5. HP: 40/47 MP: 4/4
  3057 | D:3      | Reached skill level 5 in Fighting
  3341 | D:3      | Killed BubbleThief's ghost
  3342 | D:3      | Reached skill level 6 in Axes
  3342 | D:3      | Reached XP level 6. HP: 56/56 MP: 5/5
  3526 | D:4      | HP: 2/56 [gnoll/+0 spear (1)]
  3908 | D:4      | Reached XP level 7. HP: 57/61 MP: 6/6
  3943 | D:4      | Found a staircase to the Ecumenical Temple.
  4631 | D:5      | Entered Level 5 of the Dungeon
  4636 | D:5      | Reached skill level 7 in Axes
  4696 | D:5      | Reached skill level 5 in Armour
  5108 | D:5      | Found an ornate altar of the Wu Jian Council.
  5739 | D:6      | Noticed Maggie
  5759 | D:6      | Killed Maggie
  5760 | D:6      | Reached skill level 8 in Axes
  5760 | D:6      | Reached XP level 8. HP: 27/71 MP: 7/7
  6137 | D:6      | Found a runed translucent gate.
  6137 | D:6      | Found a runed translucent gate.
  6137 | D:6      | Found a runed translucent gate.
  6144 | D:6      | Noticed RandomusNamus's ghost (novice FoFi)
  6144 | D:6      | Noticed happo123's ghost (novice TrBe)
  6172 | D:6      | Found a sparkling altar of Nemelex Xobeh.
  6239 | D:6      | Reached *** piety under Trog
  6420 | D:6      | Noticed Duvessa
  6420 | D:6      | Noticed Dowan
  6431 | D:6      | Killed Duvessa
  6432 | D:6      | Reached skill level 9 in Axes
  6434 | D:6      | Killed Dowan
  7223 | D:7      | Reached XP level 9. HP: 79/79 MP: 8/8
  7509 | D:7      | Noticed a two-headed ogre
  7515 | D:7      | Killed a two-headed ogre
  7516 | D:7      | Reached skill level 10 in Axes
  8558 | D:7      | Reached skill level 11 in Axes
  8757 | D:7      | Noticed Pikel
  8766 | D:7      | Killed Pikel
  8868 | D:8      | Reached skill level 1 in Stealth
  8963 | D:8      | Reached skill level 10 in Armour
  9162 | D:8      | Found a transporter.
  9163 | D:8      | Noticed BubbleThief's ghost (novice DsNe)
  9164 | D:8      | Identified the +2 giant club "Tyocec" {freeze, rPois rF-
                  | Will+ Int+8}
  9164 | D:8      | Identified the +2 dire flail of the Crushed Nights {vorpal,
                  | rPois rF+ Int-4 Stlth+}
  9164 | D:8      | Noticed a two-headed ogre
  9245 | D:8      | Found a white marble altar of Elyvilon.
  9253 | D:8      | Found a broken altar of Ashenzari.
  9405 | D:8      | Found a flagged portal.
  9417 | Bailey   | Entered a bailey
  9700 | Bailey   | Reached skill level 12 in Axes
  9700 | Bailey   | Reached XP level 10. HP: 42/88 MP: 9/9
 11245 | Bailey   | Noticed an orc knight
 11254 | Bailey   | Killed an orc knight
 11795 | D:8      | You fall into a shaft and drop 3 floors!
 11803 | D:11     | Reached skill level 13 in Axes
 12091 | D:11     | Noticed Psyche
 12108 | D:11     | HP: 4/90 [something/chain of chaos (8)]
 12108 | D:11     | Slain by an unseen horror

Illustrated notes

Levels and vault maps discovered:
D:1:      saegor_arrival_simple_e, layout_basic, moated_statue
D:2:      layout_basic, hellmonk_ecumenical_altar_heavens_door, basic_altar
D:3:      layout_loops_ring, gammafunk_ghost_arena, grunt_ministairs_9,
          kennysheep_generic_room_5
D:4:      layout_rooms, minmay_temple_entry_butterflies
D:5:      layout_cave_pods, mainiacjoe_overflow_cross_hatched, fountainhead
D:6:      layout_loops_cross, nemelex_xobeh_ov_fountains_minmay,
          gammafunk_ghost_cemetery, uniq_maggie, uniq_duvessa
D:7:      layout_rooms, uniq_pikel
D:8:      minmay_the_grid_triangle_9x9_rhombus_full
          [minmay_the_grid_triangle_9x9_zippers_horizontal,
          minmay_the_grid_triangle_9x9_sprig,
          minmay_the_grid_triangle_9x9_corrupted_corridor,
          minmay_the_grid_triangle_9x9_wacky_v,
          minmay_the_grid_triangle_9x9_alien,
          minmay_the_grid_triangle_9x9_limited_checkers,
          minmay_the_grid_triangle_9x9_checkered,
          minmay_the_grid_triangle_9x9_prize_insulated], layout_basic,
          jmf_multi_god_temple, enter_bailey_3, gammafunk_ghost_smash
D:11:     layout_gridville, lair_entry_dummy, uniq_psyche

Skill      XL: |  1  2  3  4  5  6  7  8  9 10 |
---------------+-------------------------------+-----
Axes           | 4 5 6 8 9 12 13 | 13.0
Fighting       | 4 5 6 7 8 |  8.6
Armour         | 3 4 6 8 10 11 | 11.4
Dodging        | 3 4 |  4.4
Stealth        | 1 |  1.4

Action                   |  1- 3 |  4- 6 |  7- 9 | 10-12 || total
-------------------------+-------+-------+-------+-------++-------
Melee: Hand axe          |    95 |   100 |   237 |    74 ||   506
       Headbutt          |     7 |    19 |    53 |    18 ||    97
       Punch             |     1 |     1 |     1 |     1 ||     4
       War axe           |       |       |       |     4 ||     4
       Unarmed           |       |       |       |     2 ||     2
Invok: Berserk           |     2 |     3 |    14 |     8 ||    27
  Use: Scroll            |       |       |    20 |       ||    20
Armor: Animal skin       |    12 |       |       |       ||    12
       Chain mail        |    20 |    70 |   102 |    18 ||   210
       Plate armour      |       |       |       |    13 ||    13
Dodge: Dodged            |    74 |    59 |   118 |    40 ||   291

Table legend: (Time is in decaauts)
 A = Elapsed time spent in this place.
 B = Non-inter-level travel time spent in this place.
 C = Inter-level travel time spent in this place.
 D = Time resting spent in this place.
 E = Time spent auto-exploring this place.
 F = Levels seen in this place.
 G = Mean time per level.
                   A        B        C        D        E       F      G
               +--------+--------+--------+--------+--------+-----+--------+
         Total |  12404 |  12122 |    282 |   5651 |   4838 |  10 | 1240.4 |
       Dungeon |  10230 |   9948 |    282 |   3991 |   4596 |   9 | 1136.7 |
        Bailey |   2174 |   2174 |      0 |   1660 |    242 |   1 | 2174.0 |
               +--------+--------+--------+--------+--------+-----+--------+

Top non-repeatable levels by time:
  Bailey: 2174 daAuts
     D:7: 1762 daAuts
     D:6: 1671 daAuts
     D:3: 1427 daAuts
     D:4: 1233 daAuts
     D:1: 1087 daAuts
     D:2: 947 daAuts
     D:5: 894 daAuts
     D:8: 884 daAuts
    D:11: 321 daAuts
